Map: Ephemeron LE

Players

Losting - Winner!

  • Race: Protoss Protoss
  • League: Master
  • Spawn Location: 11:00

Mez

  • Race: Terran Terran
  • League: Master
  • Spawn Location: 5:00

VOD

Have the link to the VOD?

Description

Time

  • Played on: Sept. 5, 2019, 6:50 a.m.
  • Length: 12:50
Show
View Real Time Build Order
Export as new Build Order

Losting Protoss - Winner!

Build Orders: 1 Gate Expand, Carriers, Carrier Rush 

Get SALT Encoding   

  12  0:01  Probe  
  13  0:13  Probe  
  14  0:19  Pylon  
  14  0:26  Probe  
  15  0:35  Probe  
  15  0:40  Gateway  
  16  0:44  Probe  
  16  0:49  Assimilator  
  17  0:52  Probe  
  18  1:00  Probe  
  18  1:09  Probe  
  20  1:18  Probe  
  21  1:27  Cybernetics Core  
  21  1:37  Nexus  
  21  1:44  Pylon  
  21  1:52  Probe  
  22  1:55  Adept, Assimilator  
  22  2:04  Probe  
  22  2:08  Warp Gate  
  25  2:16  Probe  
  26  2:28  Probe  
  29  2:40  Probe  
  28  2:46  Stargate  
  28  2:47  Probe  
  29  2:52  Pylon, Probe  
  29  2:55  Probe  
  30  3:04  Probe  
  30  3:05  Probe  
  33  3:16  Probe  
  33  3:17  Probe  
  35  3:32  Probe x2  
  37  3:39  Stargate  
  37  3:40  Probe  
  37  3:41  Fleet Beacon  
  37  3:42  Assimilator  
  37  3:44  Assimilator  
  37  3:45  Probe  
  39  3:48  Pylon, Probe  
  38  3:57  Probe  
  38  3:59  Probe  
  40  4:09  Probe  
  41  4:11  Probe  
  41  4:14  Carrier  
  41  4:16  Pylon  
  42  4:18  Carrier  
  42  4:21  Probe  
  42  4:23  Probe  
  50  4:33  Probe  
  50  4:35  Probe  
  58  4:41  Nexus  
  58  4:45  Pylon, Probe  
  59  4:47  Probe  
  60  5:02  Pylon, Probe x2  
  62  5:10  Protoss Air Weapons Level 1  
  62  5:14  Probe x2  
  62  5:19  Carrier  
  70  5:24  Carrier  
  70  5:27  Pylon  
  70  5:28  Probe x2  
  78  5:40  Probe x2  
  80  5:50  Pylon x2  
  80  5:58  Twilight Council  
  80  5:59  Forge  
  80  6:00  Gateway  
  80  6:02  Gateway  
  80  6:03  Gateway  
  80  6:09  Pylon  
  80  6:10  Robotics Facility  
  80  6:13  Probe  
  80  6:14  Probe  
  80  6:16  Assimilator  
  80  6:17  Sentry  
  84  6:20  Assimilator  
  84  6:24  Shield Battery, Charge  
  84  6:26  Shield Battery  
  84  6:29  Protoss Shields Level 1  
  84  6:35  Probe x3  
  87  6:45  Sentry  
  89  6:58  Probe x3  
  92  7:03  Observer  
  93  7:09  Gateway  
  93  7:10  Gateway  
  93  7:11  Gateway  
  93  7:12  Zealot x4  
  101  7:16  Gateway  
  101  7:17  Pylon  
  101  7:25  Observer  
  102  7:33  Pylon  
  102  7:38  Forge  
  102  7:39  Carrier x2  
  114  7:46  Warp Prism  
  110  7:54  Zealot x4  
  115  8:06  Zealot x3  
  115  8:12  Protoss Ground Weapons Level 1  
  115  8:15  Protoss Air Weapons Level 2  
  107  8:28  Protoss Ground Armor Level 1  
  107  8:32  Zealot x2  
  107  8:33  Zealot x6  
  123  8:39  Probe  
  123  8:40  Probe x2  
  126  8:52  Pylon, Nexus  
  126  8:55  Pylon  
  126  8:56  Templar Archives  
  126  9:09  Pylon, Probe x3  
  115  9:11  Assimilator  
  115  9:16  Assimilator  
  111  9:18  Zealot x4  
  115  9:40  High Templar x6  
  115  9:41  High Templar x2  
  115  9:42  Tempest  
  115  9:43  Tempest  
  141  9:48  Observer  
  142  9:53  Probe x3  
  142  9:58  Photon Cannon, Archon x3  
  142  9:59  Archon  
  145  10:00  Shield Battery  
  145  10:04  Probe  
  145  10:05  Probe x3  
  149  10:09  Observer  
  150  10:16  Probe  
  150  10:19  Tempest  
  150  10:20  Tempest  
  161  10:38  Robotics Bay  
  161  10:43  Robotics Facility  
  161  10:58  Tempest  
  161  10:59  Zealot x4, Tempest  
  161  11:00  Zealot x4  
  187  11:15  Nexus  
  187  11:17  Pylon  
  187  11:20  Assimilator  
  187  11:24  Assimilator  
  187  11:27  Gateway  
  187  11:28  Pylon  
  187  11:30  Gateway  
  187  11:45  Colossus  
  187  11:46  Colossus  
  199  11:48  Probe  
  179  12:23  Zealot x5  
  179  12:24  Zealot x5  
Show
View Real Time Build Order
Export as new Build Order

Mez Terran 

Build Orders: Reaper Expand 

Get SALT Encoding   

  12  0:01  SCV  
  13  0:13  SCV  
  14  0:17  Supply Depot  
  14  0:25  SCV  
  15  0:39  Barracks, SCV  
  16  0:45  Refinery  
  16  0:51  SCV  
  17  1:03  SCV  
  18  1:15  SCV  
  19  1:28  Orbital Command  
  19  1:31  Reaper  
  20  1:42  Command Center  
  20  1:54  SCV  
  21  1:58  Bunker  
  21  2:01  Supply Depot  
  21  2:04  Marine  
  21  2:07  SCV  
  23  2:23  Barracks Reactor  
  23  2:34  Command Center  
  22  2:40  Factory  
  22  2:46  SCV  
  23  2:54  Orbital Command  
  23  2:59  SCV  
  23  3:01  Marine x2  
  26  3:05  Refinery  
  26  3:15  SCV  
  26  3:20  Marine  
  26  3:21  Marine  
  28  3:32  SCV  
  28  3:33  SCV  
  30  3:38  Widow Mine, Starport, Marine x2  
  34  3:47  SCV x2  
  36  3:50  Orbital Command  
  36  3:59  Widow Mine, SCV x2  
  41  4:06  Refinery  
  41  4:09  Marine x2  
  42  4:15  SCV x2  
  42  4:17  Starport Tech Lab, SCV  
  45  4:21  Factory Tech Lab  
  45  4:26  Barracks  
  45  4:27  SCV, Marine  
  45  4:30  SCV  
  45  4:31  SCV  
  49  4:32  Marine  
  49  4:38  Raven  
  52  4:39  Barracks  
  52  4:44  Siege Tank  
  52  4:45  SCV x2  
  57  4:48  Marine  
  57  4:49  SCV  
  59  4:55  Supply Depot  
  59  4:57  SCV  
  60  5:02  SCV  
  60  5:06  Supply Depot  
  61  5:08  SCV  
  61  5:12  Refinery, Engineering Bay  
  62  5:14  Orbital Command  
  62  5:15  SCV x2, Engineering Bay  
  64  5:26  Factory Reactor  
  64  5:27  SCV x2  
  66  5:31  Starport Reactor  
  66  5:39  SCV x2  
  66  5:41  Supply Depot  
  66  5:42  Supply Depot, Stimpack  
  68  5:47  SCV  
  69  5:51  Marauder x2, SCV, Marine x2  
  69  5:53  Combat Shield  
  76  6:03  Barracks  
  76  6:05  Barracks, SCV x3  
  79  6:17  SCV x2  
  81  6:21  Supply Depot, Medivac x2  
  81  6:22  Widow Mine x2  
  81  6:23  Supply Depot  
  89  6:25  Marine x2  
  89  6:26  Marine x2  
  89  6:31  SCV x3  
  96  6:34  Terran Infantry Weapons Level 1  
  96  6:35  Terran Infantry Armor Level 1  
  96  6:43  SCV x3  
  96  6:46  Supply Depot  
  99  6:47  Supply Depot  
  99  6:50  Marauder x2, Supply Depot  
  99  6:51  Widow Mine  
  99  6:52  Widow Mine  
  107  6:55  SCV x3  
  107  6:56  Medivac  
  107  6:57  Medivac  
  114  7:07  SCV x2  
  114  7:08  Barracks Tech Lab, SCV  
  117  7:09  Barracks Reactor  
  117  7:18  Marine  
  117  7:19  Marauder x2, Armory, Marine, SCV  
  117  7:20  Widow Mine x2  
  117  7:21  Supply Depot  
  128  7:23  SCV x2  
  128  7:29  Supply Depot  
  130  7:35  Marauder  
  130  7:36  Marine  
  133  7:42  Marauder, Medivac x2, Marine x2  
  133  7:43  Concussive Shells  
  141  7:46  Widow Mine  
  141  7:48  Widow Mine  
  132  7:54  Marine  
  132  7:56  Marauder  
  133  8:00  Marauder  
  133  8:03  Marine  
  133  8:04  Marine x2  
  134  8:06  Marine  
  134  8:10  Starport  
  128  8:14  Widow Mine x2  
  128  8:17  Medivac x2  
  128  8:24  Supply Depot  
  128  8:27  Refinery x2, Command Center, Marine x7  
  128  8:30  Supply Depot  
  135  8:37  Terran Infantry Weapons Level 2  
  135  8:44  Terran Infantry Armor Level 2  
  135  8:55  Supply Depot x2  
  135  8:57  Supply Depot  
  135  9:01  Viking x2  
  135  9:02  Viking  
  138  9:15  Marine x2  
  138  9:16  Marine  
  122  9:18  Medivac  
  122  9:22  Marine x2  
  125  9:29  Barracks x2  
  125  9:31  Medivac, Viking, Barracks  
  124  9:32  Viking  
  106  9:47  Starport  
  106  9:56  Marine x4  
  106  9:57  Marine x3  
  106  9:58  Command Center  
  113  10:03  Viking x4  
  113  10:05  Terran Ship Weapons Level 1  
  121  10:13  Planetary Fortress  
  121  10:14  Marine x3  
  121  10:20  Marine x4  
  121  10:21  Ghost Academy, Marine x3  
  131  10:25  Refinery  
  130  10:29  Refinery  
  130  10:30  SCV x3  
  130  10:32  Marine  
  134  10:38  Viking x4  
  134  10:41  Barracks Tech Lab x2  
  134  10:42  SCV  
  143  10:46  SCV x2  
  143  10:47  Barracks Reactor  
  147  10:53  Starport Tech Lab  
  147  10:54  SCV  
  146  10:58  SCV  
  146  11:00  Command Center  
  146  11:04  Marine x6  
  149  11:08  Viking  
  159  11:14  Orbital Command  
  159  11:17  Viking x2  
  159  11:18  Viking x2  
  167  11:25  Marine x8  
  170  11:29  Unknown x2  
  175  11:36  Unknown  
  175  11:40  Marine  
  175  11:43  Marine x2  
  182  11:50  Viking x5, Command Center  
  182  11:52  Command Center  
  192  12:00  Command Center  
  191  12:09  Unknown x2  
  154  12:29  Marine x11  
Tags
 
Add a new tag
Caveats
  • Supply blocks, unpowered buildings, or Contaminate may cause inaccurate times.
  • Supply counts are checked every 10 seconds.